Map: Neon Violet Square LE

Players

SZNightMare (NightMare)

  • Race: Protoss Protoss
  • Spawn Location: 11:00

SKillous - Winner!

  • Race: Protoss Protoss
  • League: Grandmaster
  • Spawn Location: 5:00

Event: HomeStory Cup XXVI

VOD

Have the link to the VOD?

Description

Time

  • Played on: Nov. 29, 2024, 10:05 a.m.
  • Length: 10:04

All games in this series

Show
View Real Time Build Order
Export as new Build Order

SZNightMare Protoss 

Build Orders: Blink Stalkers, Zealot Archon 

Get SALT Encoding   

  12  0:00  Probe  
  13  0:12  Probe  
  14  0:17  Pylon  
  14  0:24  Probe  
  15  0:34  Probe  
  15  0:39  Gateway  
  15  0:42  Probe  
  17  0:51  Assimilator, Probe  
  18  0:59  Assimilator  
  18  1:00  Probe  
  19  1:09  Probe  
  19  1:10  Gateway  
  20  1:19  Probe  
  21  1:27  Cybernetics Core  
  21  1:31  Probe  
  22  1:43  Pylon  
  22  1:44  Probe  
  24  2:01  Probe  
  24  2:02  Stalker  
  24  2:05  Warp Gate  
  24  2:07  Adept  
  28  2:15  Pylon  
  28  2:18  Probe  
  28  2:45  Nexus, Probe  
  29  2:53  Probe  
  29  2:58  Sentry x2  
  34  3:03  Probe  
  34  3:09  Pylon  
  35  3:15  Probe  
  37  3:27  Probe  
  37  3:28  Blink  
  37  3:30  Twilight Council  
  37  3:36  Stalker  
  37  3:38  Sentry  
  37  3:39  Probe  
  40  3:51  Probe  
  41  3:59  Probe  
  42  4:03  Probe  
  43  4:12  Probe  
  43  4:13  Stalker  
  43  4:14  Stalker  
  43  4:15  Probe  
  49  4:24  Probe  
  50  4:27  Probe  
  50  4:29  Gateway  
  51  4:31  Robotics Facility  
  51  4:36  Probe  
  52  4:39  Probe  
  53  4:49  Probe  
  53  4:51  Probe  
  55  4:54  Nexus  
  55  4:56  Pylon  
  55  5:01  Probe  
  55  5:03  Probe  
  55  5:04  Stalker  
  59  5:09  Stalker  
  59  5:12  Assimilator  
  61  5:15  Pylon  
  61  5:19  Forge, Probe  
  61  5:20  Observer  
  63  5:25  Probe  
  63  5:28  Stalker  
  66  5:30  Stalker  
  66  5:32  Warp Prism, Probe  
  69  5:37  Probe  
  72  5:44  Probe  
  72  5:49  Probe  
  74  5:53  Protoss Ground Weapons Level 1  
  74  5:56  Probe, Pylon  
  75  6:01  Probe  
  76  6:08  Observer, Probe  
  77  6:12  Robotics Bay  
  77  6:13  Robotics Facility, Probe  
  77  6:15  Assimilator, Probe  
  77  6:16  Assimilator  
  79  6:20  Probe  
  79  6:22  Gateway  
  80  6:27  Probe x2  
  80  6:32  Observer  
  82  6:37  Probe  
  82  6:39  Probe  
  84  6:44  Pylon  
  84  6:47  Gateway  
  84  6:50  Gateway x2  
  84  6:51  Gateway  
  84  6:52  Disruptor, Stalker x3  
  90  6:55  Disruptor  
  96  7:10  Archon  
  96  7:12  Shield Battery  
  96  7:13  Archon  
  96  7:15  Stalker x3  
  102  7:28  Stalker  
  102  7:36  Probe x2  
  98  7:43  Stalker  
  98  7:44  Stalker x3  
  89  7:46  Probe  
  89  7:48  Probe  
  89  7:49  Stalker x3  
  86  7:55  Probe  
  86  7:58  Probe  
  86  8:01  Stalker  
  81  8:07  Adept x4  
  82  8:15  Stalker x2  
  64  8:28  Stalker  
  64  8:29  Stalker x3  
  68  8:35  Stalker  
  70  8:55  Stalker x3  
  72  9:15  Adept x2  
  72  9:16  Adept x2  
  68  9:44  Stalker x7  
Show
View Real Time Build Order
Export as new Build Order

SKillous Protoss - Winner!

Build Orders: Phoenix Opening, Archon Immortal 

Get SALT Encoding   

  12  0:00  Probe  
  13  0:12  Probe  
  14  0:17  Pylon  
  14  0:24  Probe  
  15  0:32  Probe  
  15  0:38  Gateway  
  15  0:40  Probe  
  17  0:50  Assimilator  
  17  0:51  Probe  
  18  0:57  Assimilator  
  18  0:59  Probe  
  19  1:09  Probe  
  19  1:10  Gateway  
  20  1:20  Probe  
  21  1:28  Cybernetics Core  
  21  1:32  Probe  
  22  1:38  Pylon  
  22  1:44  Probe  
  23  1:56  Probe  
  24  2:05  Sentry, Warp Gate  
  24  2:08  Shield Battery  
  28  2:13  Probe  
  29  2:19  Pylon  
  29  2:25  Probe  
  30  2:31  Sentry  
  30  2:35  Phoenix  
  30  2:38  Nexus  
  30  2:43  Stalker  
  32  2:53  Shield Battery  
  32  2:55  Probe  
  32  2:58  Sentry  
  35  3:07  Probe  
  35  3:11  Pylon  
  36  3:19  Probe  
  36  3:27  Probe  
  36  3:35  Probe  
  36  3:37  Robotics Facility  
  37  3:43  Probe  
  37  3:46  Probe  
  37  3:52  Probe  
  37  3:54  Probe  
  38  4:00  Probe  
  40  4:04  Probe  
  42  4:12  Nexus  
  42  4:13  Probe  
  43  4:19  Probe  
  43  4:24  Observer  
  45  4:27  Probe  
  45  4:28  Forge  
  45  4:29  Probe  
  45  4:30  Twilight Council  
  46  4:36  Immortal  
  46  4:37  Probe  
  47  4:39  Probe  
  53  4:47  Probe  
  53  4:51  Probe  
  55  4:52  Protoss Ground Weapons Level 1  
  55  4:55  Pylon  
  55  4:59  Probe  
  56  5:03  Probe  
  56  5:07  Charge, Immortal  
  57  5:11  Probe  
  58  5:15  Probe  
  58  5:21  Probe  
  63  5:24  Probe  
  63  5:25  Gateway  
  63  5:27  Gateway  
  65  5:29  Probe  
  65  5:30  Probe  
  65  5:33  Assimilator  
  65  5:35  Assimilator  
  67  5:41  Gateway  
  67  5:43  Templar Archives  
  67  5:45  Probe  
  67  5:46  Probe, Immortal  
  73  5:58  Gateway  
  73  5:59  Observer  
  73  6:06  Gateway  
  73  6:09  Gateway  
  73  6:14  Observer  
  73  6:18  Zealot x2, Warp Prism  
  75  6:21  Pylon, Probe  
  75  6:22  Pylon  
  80  6:32  High Templar  
  80  6:33  High Templar  
  80  6:36  Pylon  
  80  6:37  Archon, Pylon  
  84  6:44  Zealot x3  
  88  6:55  Zealot  
  88  7:01  Zealot  
  93  7:05  Zealot x3  
  95  7:09  Stalker  
  95  7:11  Protoss Ground Weapons Level 2  
  91  7:16  Shield Battery  
  91  7:22  High Templar  
  93  7:23  Zealot x2, High Templar  
  95  7:33  Archon  
  95  7:35  Zealot x4  
  95  7:36  Immortal  
  97  7:38  Blink  
  93  7:45  Zealot x2  
  93  7:46  Probe  
  88  8:00  Zealot x4  
  88  8:02  Probe x2  
  96  8:06  Probe  
  96  8:11  Observer  
  85  8:15  Warp Prism  
  85  8:17  Zealot x3  
  81  8:20  Zealot  
  77  8:31  Probe x3  
  80  8:36  High Templar x4  
  80  8:41  Archon x2  
  88  8:46  Nexus  
  88  8:52  Pylon  
  88  8:54  Zealot x2  
  88  9:09  Stalker x4  
  90  9:13  Stalker x2  
  94  9:26  Stalker x2  
  92  9:44  Zealot x6  
Tags
 
Add a new tag
Caveats
  • Supply blocks, unpowered buildings, or Contaminate may cause inaccurate times.
  • Supply counts are checked every 10 seconds.